 Dungeon Crawl Stone Soup version bcrawl-1.15 (webtiles) character file.

Game seed: 987377345785221609

410 MisterOstroum the Poker (level 6, -18/37 HPs)
             Began as a Skeleton Reaver on Sept 22, 2019.
             Was a Follower of Makhleb.
             Killed by the malice of Vehumet (41 damage)
             ... on level 5 of the Dungeon.
             The game lasted 00:10:39 (3960 turns).

MisterOstroum the Poker (Skeleton Reaver)           Turns: 3960, Time: 00:10:39

Health: -18/37     AC:  5    Str: 18 (19) XL:     6   Next: 58%
Magic:  0/11       EV:  9    Int: 11 (13) God:    Makhleb [*.....]
Gold:   232        SH:  0    Dex:  7      Spells: 9/12 levels left

rFire    . . .     SeeInvis .   a - +0 trident
rCold    + . .     Gourm    .   (no shield)
rNeg     + + +     Faith    .   b - +0 steam dragon scales
rPois    ∞         Spirit   +   (no helmet)
rElec    .         Reflect  .   (no cloak)
rCorr    .         Harm     .   (no gloves)
MR       .....     Rnd*Tele +   (no boots)
Stlth    +.........             e - amulet of regeneration
HPRegen  0.52/turn              g - -3 ring of evasion (curse)
MPRegen  0.12/turn              u - ring of teleportation (curse)

@: very slightly contaminated
A: no food or potions, cold resistance 1, deterioration 1, negative energy
resistance 3, powered by death 1, torment resistance, unbreathing, magic shield,
sturdy frame 1, spell healing
a: Renounce Religion


You were on level 5 of the Dungeon.
You worshipped Makhleb.
Makhleb was aware of your devotion.
You were not hungry.

You visited 1 branch of the dungeon, and saw 5 of its levels.

You collected 232 gold pieces.

Inventory:

Hand Weapons
 a - a +0 trident (weapon)
Missiles
 i - 341 arrows
 k - 407 stones (quivered)
 n - 331 bolts
Armour
 b - +0 steam dragon scales (worn)
Jewellery
 e - an amulet of regeneration (around neck)
 g - a cursed -3 ring of evasion (left hand)
 j - an uncursed ring of see invisible
 u - a cursed ring of teleportation (right hand)
Wands
 m - a wand of random effects (9)
 r - a wand of acid (10)
 s - a wand of flame (26)
 t - a wand of iceblast (13)
Scrolls
 c - 2 scrolls of immolation
 d - a scroll of amnesia
 f - a scroll of enchant weapon
 h - a scroll of teleportation {@r3 !r}
 l - 2 scrolls of magic mapping
 o - a scroll of fear {!r}
 p - a scroll of fog {!r}
 q - 4 scrolls of identify


   Skills:
 * Level 3.5 Fighting
 - Level 6.0 Polearms
 - Level 3.0 Dodging
 + Level 3.7 Spellcasting
 + Level 3.5 Conjurations
 - Level 2.0 Ice Magic
 + Level 2.3 Evocations


You had 9 spell levels left.
You knew the following spells:

 Your Spells              Type           Power        Failure   Level  Hunger
a - Freeze                Ice            #.....       11%         1    N/A
b - Searing Ray           Conj           #.....       9%          2    N/A

Your spell library contained the following spells:

 Spells                   Type           Power        Failure   Level  Hunger
 Iskenderun's Battlesphe  Conj/Chrm      #.......     97%         5    N/A

Dungeon Overview and Level Annotations

Branches:
Dungeon (5/12)
 Temple: D:4-7

Altars:
Ashenzari
Cheibriados
Makhleb


Innate Abilities, Weirdness & Mutations

You do not eat or drink.
You are immune to poison.
Your flesh is cold resistant. (rC+)
Your body sometimes deteriorates upon taking damage.
You are immune to negative energy. (rN+++)
You regenerate a little health from kills.
You are immune to unholy pain and torment.
You can survive without breathing.
When hurt, damage is shared between your health and your magic reserves.
Your movements are slightly less encumbered by armour. (ER -2)
Casting spells heals you.


Message History

You can't eat.
You can't drink.
You can't eat.
You can't drink.
You can't eat.
You can't drink.
As you read the scroll labeled UHO EDUS ACARO, it crumbles to dust.
You feel momentarily disoriented.
It was a scroll of magic mapping.
As you read the scroll labeled ESEMASKIKOQ, it crumbles to dust.
It is a scroll of amnesia.
Really abort (and waste the scroll)? [Y]es or [N]o only, please.
Really abort (and waste the scroll)?
Okay, then.
As you read the scroll of identify, it crumbles to dust.
h - a scroll of teleportation
As you read the scroll of identify, it crumbles to dust.
o - a scroll of fear You can't drink.
As you read the scroll of identify, it crumbles to dust.
p - a scroll of fog Done exploring.
Put on which piece of jewellery? (? for menu, Esc to quit)
Okay, then.
(D) Dungeon
Where to? (Enter - D:3 @ (x,y), ? - help)
There is a stone staircase leading down here.
You climb downwards.
There is a stone staircase leading up here.
You open the door.
An iguana comes into view.
The iguana hisses angrily.
Found 4 gold pieces.
Found a stone staircase leading up.
Casting: Searing Ray (safe; 8% risk of failure)
Confirm with . or Enter, or press ? or * to list all spells.
Aiming: Searing Ray (safe; 8% risk of failure)
Press: ? - help, Shift-Dir - straight line, f - iguana
Aim: an iguana The searing ray misses the iguana. (Press . to maintain the ray.)
The searing ray hits the iguana.
The searing ray hits the iguana.
The iguana is lightly wounded.
The searing ray hits the iguana.
The iguana is heavily wounded.
You finish channeling your searing ray.
The iguana bites you.
You closely miss the iguana.
The iguana is heavily wounded.
The iguana bites you!
Your body deteriorates!
You feel dopey.
You hit the iguana but do no damage.
The iguana is heavily wounded.
The iguana barely misses you.
You closely miss the iguana.
The iguana is heavily wounded.
The iguana bites you.
Casting: Searing Ray (safe; 9% risk of failure)
Confirm with . or Enter, or press ? or * to list all spells.
Aiming: Freeze (safe; 11% risk of failure)
Press: ? - help, Shift-Dir - straight line, f/p - iguana
Aim: an iguana (heavily wounded)
You miscast Freeze.
You are very lightly contaminated with residual magic.
Nothing appears to happen.
The iguana bites you but does no damage.
Casting: Freeze (safe; 11% risk of failure)
Confirm with . or Enter, or press ? or * to list all spells.
Aiming: Freeze (safe; 11% risk of failure)
Press: ? - help, Shift-Dir - straight line, f/p - iguana
Aim: an iguana (heavily wounded)
You freeze the iguana.
The iguana is heavily wounded.
The iguana seems to slow down.
The iguana bites you.
Casting: Freeze (safe; 11% risk of failure)
Confirm with . or Enter, or press ? or * to list all spells.
Aiming: Freeze (safe; 11% risk of failure)
Press: ? - help, Shift-Dir - straight line, f/p - iguana
Aim: an iguana (heavily wounded, slow)
You freeze the iguana.
The iguana is almost dead.
The iguana seems to slow down.
You barely miss the iguana.
The iguana is almost dead.
The iguana bites you!
Your body deteriorates!
You feel weakened.
You are too injured to fight recklessly!
You closely miss the iguana.
The iguana is almost dead.
The iguana bites you but does no damage.
Casting: Freeze (safe; 11% risk of failure)
Confirm with . or Enter, or press ? or * to list all spells.
Aiming: Freeze (safe; 11% risk of failure)
Press: ? - help, Shift-Dir - straight line, f/p - iguana
Aim: an iguana (almost dead, slow) Vehumet does not allow the disloyal to dabble in destruction!
There is a sudden explosion of magical energy!
The explosion engulfs you!
Ouch! That really hurt!
You die...

#...# #.#.## #
#....# ..
###..# ... #..#
..$. #..# ....<
###..#
......####....#
......l@.#.##.#
......##.#<.#.#
..... #.##.#.#
#### #......#
########


You could see an iguana.

Vanquished Creatures
  An ogre (D:4)
  A scorpion (D:4)
  A crimson imp (D:4)
  A hound (D:4)
  2 orc wizards (D:4)
  A worker ant (D:4)
  A hound skeleton (D:4)
  2 adders (D:3)
  3 oozes
  A worm (D:3)
  2 dart slugs (D:3)
  5 leopard geckos
  3 orcs
  2 ball pythons
  5 bats
  2 giant cockroaches
  8 goblins
  2 hobgoblins
  9 jackals
  6 kobolds
  3 quokkas (D:2)
  5 frilled lizards
  A jackal skeleton (D:4)
  10 rats
77 creatures vanquished.

Notes
Turn   | Place    | Note
-------+----------+-------------------------------------------
     0 | D:1      | MisterOstroum the Skeleton Reaver began the quest for the
                  | Orb.
     0 | D:1      | Reached XP level 1. HP: 14/14 MP: 4/4
   109 | D:1      | Reached skill level 4 in Polearms
   118 | D:1      | Reached XP level 2. HP: 19/19 MP: 6/6
   503 | D:1      | Reached * piety under Vehumet
   503 | D:1      | Offered knowledge of Freeze by Vehumet.
   506 | D:1      | Learned a level 1 spell: Freeze
   703 | D:1      | Reached XP level 3. HP: 23/23 MP: 7/7
  1075 | D:2      | Reached skill level 5 in Polearms
  1212 | D:2      | Reached skill level 1 in Ice Magic
  1614 | D:3      | Reached XP level 4. HP: 22/28 MP: 6/9
  1666 | D:3      | Found a faded altar of an unknown god.
  1747 | D:3      | Found a snail-covered altar of Cheibriados.
  1894 | D:3      | Offered knowledge of Searing Ray by Vehumet.
  1898 | D:3      | Learned a level 2 spell: Searing Ray
  1938 | D:3      | Fell from the grace of Vehumet
  1938 | D:3      | Became a worshipper of Makhleb the Destroyer
  1938 | D:3      | Reached * piety under Makhleb
  2340 | D:4      | Noticed an ogre
  2387 | D:4      | Reached skill level 1 in Conjurations
  2804 | D:4      | Reached skill level 6 in Polearms
  2804 | D:4      | Reached XP level 5. HP: 26/32 MP: 3/10
  2815 | D:4      | Reached skill level 1 in Evocations
  3122 | D:4      | Found a shattered altar of Ashenzari.
  3188 | D:4      | Gained mutation: You regenerate a little health from kills.
                  | [Skeleton growth]
  3188 | D:4      | Reached XP level 6. HP: 27/37 MP: 4/11
  3921 | D:5      | Entered Level 5 of the Dungeon
  3960 | D:5      | Killed by the malice of Vehumet

Skill      XL: |  1  2  3  4  5 |
---------------+----------------+-----
Polearms       | 4 5 6 |  6.0
Ice Magic      | 1 2 |  2.0
Conjurations   | 1 3 |  3.5
Evocations     | 2 |  2.3
Fighting       | |  3.5
Dodging        | |  3.0
Spellcasting   | |  3.7

Action                   |  1- 3 |  4- 6 || total
-------------------------+-------+-------++-------
Melee: Trident           |   146 |    70 ||   216
Throw: Stone             |     1 |     1 ||     2
 Cast: Freeze            |    14 |    36 ||    50
       Searing Ray       |       |    10 ||    10
  Use: Scroll            |       |     6 ||     6
 Stab: Distracted        |     1 |       ||     1
Armor: Steam dragon scal |    66 |    35 ||   101
Dodge: Dodged            |    93 |    39 ||   132
